 Dungeon Crawl Stone Soup version 0.21.1-1-g345015f (webtiles) character file.

42 inc the Vexing (level 3, 14/14 HPs)
             Began as a Felid Enchanter on Feb 25, 2018.
             Quit the game on level 2 of the Dungeon.
             The game lasted 00:04:35 (3239 turns).

inc the Vexing (Felid Enchanter)                    Turns: 3239, Time: 00:04:35

Health: 14/14      AC:  1    Str:  4    XL:     3   Next: 33%
Magic:  7/7        EV: 18    Int: 17    God:
Gold:   96         SH:  0    Dex: 16    Spells: 3/6 levels left
                                        Lives:  0   Deaths: 1

rFire    . . .     SeeInvis +     - Unarmed
rCold    . . .     Gourm    .   (shield unavailable)
rNeg     . . .     Faith    .   (armour unavailable)
rPois    .         Spirit   .   (helmet unavailable)
rElec    .         Reflect  .   (cloak unavailable)
rCorr    .         Harm     .   (gloves unavailable)
MR       .....                  (boots unavailable)
Stlth    +++.......             (no amulet)
HPRegen  0.04/turn              (no ring)
MPRegen  0.10/turn              (no ring)

@: quick
A: very small, no armour, no weapons or thrown items, stealth, claws 1, fangs 3,
see invisible, carnivore, speed 1, shaggy fur 1, slow metabolism 1, sharp paws
a: no special abilities


You were on level 2 of the Dungeon.
You were not hungry.

You visited 1 branch of the dungeon, and saw 2 of its levels.

You collected 96 gold pieces.

Inventory:

Scrolls
 d - 2 scrolls of remove curse {unknown}
 e - a scroll of immolation {unknown}
 f - a scroll of teleportation {unknown}
 g - 2 scrolls of identify {unknown}
 h - a scroll of blinking {unknown}
 i - a scroll of enchant weapon {unknown}
 j - a scroll of enchant armour {unknown}
Potions
 c - a potion of curing {unknown}
Books
 a - a book of Maledictions

   Spells                             Type                      Level
   a - Corona                         Hexes                        1
   b - Ensorcelled Hibernation        Hexes/Ice                    2
   c - Confuse                        Hexes                        3
   d - Tukima's Dance                 Hexes                        3
   e - Dazzling Spray                 Conjuration/Hexes            3
Comestibles
 b - 8 rations


   Skills:
 - Level 2.6 Dodging
 - Level 4.0 Stealth
 + Level 4.3 Unarmed Combat
 - Level 2.0 Spellcasting
 - Level 4.4 Hexes


You had 3 spell levels left.
You knew the following spells:

 Your Spells              Type           Power        Failure   Level  Hunger
a - Corona                Hex            ###....      3%          1    #......
b - Ensorcelled Hibernat  Hex/Ice        #.....       12%         2    ###....


Dungeon Overview and Level Annotations

Branches:
Dungeon (2/15)

Altars:
Ashenzari
Hepliaklqana
Xom
The Shining One

Annotations:
D:2 Natasha


Innate Abilities, Weirdness & Mutations

You cannot wear armour.
You are incapable of wielding weapons or throwing items.
Your paws allow you to move quietly. (Stealth)
You have sharp claws.
You have razor-sharp teeth.
You have supernaturally acute eyesight. (SInv)
You are carnivorous and can eat meat at any time.
You cover ground quickly.
You are covered in fur. (AC +1)
You have a slow metabolism.
Your sharp claws are effective at attacking unaware monsters.


Message History

Confirm with . or Enter, or press ? or * to list all spells.
Aiming: Ensorcelled Hibernation
Press: ? - help, Shift-Dir - straight line, f/p - Natasha
Aim: Natasha (lightly wounded, chance to defeat MR: 40%) Natasha resists with some effort.
Natasha casts a spell at you.
You feel yourself slow down. The shadow imp completely misses you.
Casting: Ensorcelled Hibernation
Confirm with . or Enter, or press ? or * to list all spells.
Aiming: Ensorcelled Hibernation
Press: ? - help, Shift-Dir - straight line, f/p - Natasha
Aim: Natasha (lightly wounded, chance to defeat MR: 40%) Natasha resists with some effort.
Natasha casts a spell at you. The magic dart hits you!
You die...
The shadow imp misses you.
You are now level 3!
You rejoin the land of the living...
Are you sure you want to abandon this character and quit the game? (Confirm with "yes".)

#.#.######### #.#.#
#.#.# ##.#.# #....#
######
#....#########.....
#..†............###
##.###########..#
#@# #..# #.# #..#
#.# #..# #.# #..#
#.######### #..#
#.....>...###..#
#########......###
######.... #####


There were no monsters in sight!

Vanquished Creatures
  Terence (D:2)
  2 adders (D:2)
  An ooze (D:2)
  2 worms (D:2)
  A leopard gecko (D:2)
  6 bats
  2 giant cockroaches
  6 goblins
  5 hobgoblins
  A quokka (D:2)
  A ball python (D:2)
  5 frilled lizards
  3 kobolds
  5 rats
41 creatures vanquished.

Notes
Turn   | Place    | Note
-------+----------+-------------------------------------------
     0 | D:1      | inc the Felid Enchanter began the quest for the Orb.
     0 | D:1      | Reached XP level 1. HP: 7/7 MP: 4/4
  1007 | D:1      | Reached XP level 2. HP: 11/11 MP: 3/6
  1647 | D:1      | Learned a level 2 spell: Ensorcelled Hibernation
  2138 | D:2      | Reached XP level 3. HP: 9/14 MP: 4/7
  2496 | D:2      | Found a shattered altar of Ashenzari.
  2506 | D:2      | Found a glowing golden altar of the Shining One.
  2574 | D:2      | Noticed Terence
  2601 | D:2      | Killed Terence
  2601 | D:2      | Reached XP level 4. HP: 18/18 MP: 0/8
  3006 | D:2      | Found a hazy altar of Hepliaklqana.
  3007 | D:2      | Found a shimmering altar of Xom.
  3007 | D:2      | Noticed a sphinx zombie
  3008 | D:2      | Noticed a spectral ugly thing
  3008 | D:2      | Noticed a sphinx zombie
  3230 | D:2      | Noticed Natasha
  3238 | D:2      | Killed from afar by Natasha
  3239 | D:2      | Reached XP level 3. HP: -3/14 MP: 2/7
  3239 | D:2      | Quit the game

Skill      XL: |  1  2  3  4 |
---------------+-------------+-----
Unarmed Combat | 2 3 4 |  4.3
Dodging        | |  2.6
Stealth        | |  4.0
Spellcasting   | |  2.0
Hexes          | |  4.4

Action                   |  1- 3 |  4- 6 || total
-------------------------+-------+-------++-------
Melee: Unarmed           |    78 |    22 ||   100
       Bite              |     6 |     1 ||     7
       Punch             |     1 |       ||     1
 Cast: Corona            |    13 |       ||    13
       Ensorcelled Hiber |    11 |    14 ||    25
 Stab: Sleeping          |    17 |     7 ||    24
  Eat: Chunk             |     2 |     5 ||     7
Armor: Skin              |     5 |     2 ||     7
Dodge: Dodged            |    76 |    17 ||    93
